[Event "*** Titled Tuesday Blitz"]
[Site "Chess.com"]
[Date "2021.02.09"]
[Round "1"]
[White "dopolian"]
[Black "kirillshevchenko"]
[Result "0-1"]
[WhiteElo "2419"]
[BlackElo "2824"]
[TimeControl "180+1"]
[EndTime "10:06:52 PST"]
[Termination "kirillshevchenko won by resignation"]

1. Nf3 Nf6 2. c4 d6 3. b3 e5 4. Bb2 c5 5. d3 Nc6 6. e3 g6 7.
Be2 Bg7 8. O-O O-O 9. d4 e4 10.
Nfd2 Bf5 11. a3 h5 12. d5 Nb8 13. Nc3 Re8 14. Re1 Nbd7 15. Nf1 h4 16. f4 exf3 17. gxf3 Bh3 18. f4 Qa5 19. Bf3 Re7 20. Qd2 Rae8 21. Nb5 Qxd2 22. Nxd2 Rxe3 23. Rxe3 Rxe3 24. Nxd6 Rd3 25.
Rd1 Nxd5 26. cxd5 Bxb2 27. N2c4 Bd4+ 28. Kh1 Rxf3 29. Nxb7 Rf2 30. d6 Bg2+ 0-1

[Event "*** Titled Tuesday Blitz"]
[Site "Chess.com"]
[Date "2021.02.09"]
[Round "1"]
[White "Genghis_K"]
[Black "Euwe1234"]
[Result "1-0"]
[WhiteElo "2925"]
[BlackElo "2453"]
[TimeControl "180+1"]
[EndTime "10:06:53 PST"]
[Termination "Genghis_K won by checkmate"]

1. e4 c6 2. d4 d5 3. exd5 cxd5 4.
Bd3 Nc6 5. c3 Qc7 6. h3 Nf6 7.
Nf3 g6 8. O-O Bf5 9. Be2 Bg7 10.
Na3 a6 11. Nc2 O-O 12. Bg5 Ne4 13.
Bh4 Rfe8 14. Ne3 e6 15. g4 h6 16. gxf5 g5 17. Bg3 Nxg3 18. fxg3 Qxg3+ 19. Ng2 exf5 20. Bd3 f4 21. Nh2 Qxh3 22. Qf3 Qd7 23. Qg4 Qd6 24.
Qf5 Re7 25. Rae1 Rae8 26. Qh7+ Kf8 27. Ng4 Rxe1 28. Nxe1 Ne7 29. Nf3 Ng8 30. Nfe5 Nf6 31. Qf5 Nxg4 32. Qxf7# 1-0

[Event "*** Titled Tuesday Blitz"]
[Site "Chess.com"]
[Date "2021.02.09"]
[Round "1"]
[White "krasavetc"]
[Black "Sanyura"]
[Result "1-0"]
[WhiteElo "2360"]
[BlackElo "2645"]
[TimeControl "180+1"]
[EndTime "10:06:53 PST"]
[Termination "krasavetc won by checkmate"]

1. Nf3 Nf6 2. d4 g6 3. e3 Bg7 4. c4 O-O 5. Nc3 d6 6. Be2 Nbd7 7. O-O e5 8. e4 exd4 9. Nxd4 Nc5 10. f3 h5 11. Bg5 c6 12. h4 Qb6 13. Be3 Qxb2 14. Na4 Qa3 15. Bf4 Qxa4 16. Bxd6 Rd8 17. Bxc5 Qa5 18.
Nb3 Rxd1 19. Nxa5 Rxf1+ 20. Rxf1 b6 21. Nxc6 bxc5 22. Rd1 Be6 23. e5 Nd7 24. f4 Nb6 25. Bf3 Kh7 26. Nd8 Rb8 27. Nxe6 fxe6 28. Rd6 Nxc4 29.
Rxe6 Nd2 30. Be2 Rc8 31. Bd3 c4 32. Bxg6+ Kh8 33. Bc2 c3 34. f5 Nc4 35. f6 Bh6 36.
f7 Rf8 37. Rxh6+ Kg7 38. Rh7# 1-0

[Event "*** Titled Tuesday Blitz"]
[Site "Chess.com"]
[Date "2021.02.09"]
[Round "1"]
[White "Mikasinski"]
[Black "Sibelephant"]
[Result "0-1"]
[WhiteElo "2467"]
[BlackElo "3031"]
[TimeControl "180+1"]
[EndTime "10:06:54 PST"]
[Termination "Sibelephant won by resignation"]

1. e4 c6 2. d4 d5 3. e5 Bf5 4. h4 h6 5. g4 Bd7 6. h5 e6 7.
c3 c5 8. Nf3 Nc6 9. Bh3 Qc7 10.
Na3 a6 11. Nc2 O-O-O 12. Be3 f6 13. Bf4 fxe5 14. Nxe5 Bd6 15. Qe2 Nge7 16. Bg3 Bxe5 17. dxe5 d4 18. cxd4 Nxd4 19. Nxd4 cxd4 20. O-O Bb5 21.
Qe4 Bxf1 22. Bxf1 Kb8 23. Bd3 Rhf8 24. Bh4 Rd7 25. Rd1 Nd5 26. a3 Nf4 27. Bf1 d3 28. Bg3 Qc6 29. Qxc6 bxc6 30. f3 c5 31. Bxf4 Rxf4 32.
Kf2 c4 33. Ke3 Rfd4 34. f4 R4d5 35. Bg2 Rc5 36. Rd2 Kc7 37. Be4 Kb6 38. Rd1 Rb5 39. Rd2 Rc5 40. Rg2 Kb5 41. g5 hxg5 42. Rxg5 d2 0-1

[Event "*** Titled Tuesday Blitz"]
[Site "Chess.com"]
[Date "2021.02.09"]
[Round "1"]
[White "sbouchet"]
[Black "jkidjr22"]
[Result "0-1"]
[WhiteElo "2339"]
[BlackElo "2653"]
[TimeControl "180+1"]
[EndTime "10:06:54 PST"]
[Termination "jkidjr22 won by resignation"]

1. e4 c5 2. c3 d5 3. exd5 Qxd5 4. d4 Nc6 5. Nf3 Nf6 6. Na3 cxd4 7. Nb5 Qd8 8. Nbxd4 Bd7 9. Be2 e6 10. O-O Be7 11.
Nxc6 Bxc6 12. Ne5 Qc7 13. Bf4 Bd6 14. Nxc6 Bxf4 15. Nd4 Bxh2+ 16. Kh1 O-O 17. g3 Bxg3 18. fxg3 Qxg3 19. Qd3 Qh4+ 20. Kg2 Nd5 21. Qg3 Qe7 22.
Bd3 f5 23. Rae1 Rf6 24. Nxf5 Qf8 25. Nd4 Nf4+ 26. Rxf4 Rxf4 27. Qh3 Rf2+ 28. Kg1 g6 29. Rxe6 Rf6 30. Re1 Re8 31. Bc4+ Kh8 32. Ne6 Qd6 33. Qg3 Qxg3+ 0-1

[Event "*** Titled Tuesday Blitz"]
[Site "Chess.com"]
[Date "2021.02.09"]
[Round "1"]
[White "SkippingLaptop"]
[Black "Kislov_Oleg"]
[Result "0-1"]
[WhiteElo "2047"]
[BlackElo "2482"]
[TimeControl "180+1"]
[EndTime "10:06:54 PST"]
[Termination "Kislov_Oleg won on time"]

1. d4 Nf6 2. c4 e6 3. Nc3 Bb4 4. Qc2 d5 5. Nf3 O-O 6. Bg5 h6 7. Bh4 c5 8. e3 Nc6 9. cxd5 exd5 10. Be2 Re8 11. O-O cxd4 12. exd4 Bxc3 13. bxc3 Bg4 14. Rab1 Na5 15. Rfe1 Rc8 16. Ne5 Bxe2 17. Rxe2 Qd6 18. Rb5 b6 19. Bxf6 Qxf6 20. Rxd5 Rc7 21. g3 Rec8 22.
Nd7 Qc6 23. c4 Qxd5 24. Nf6+ gxf6 25. Qd2 Nxc4 26. Qxh6 Qg5 27. Qxg5+ fxg5 0-1

[Event "*** Titled Tuesday Blitz"]
[Site "Chess.com"]
[Date "2021.02.09"]
[Round "1"]
[White "BogdanDeac"]
[Black "HackingKid98"]
[Result "0-1"]
[WhiteElo "2989"]
[BlackElo "2480"]
[TimeControl "180+1"]
[EndTime "10:06:55 PST"]
[Termination "HackingKid98 won by resignation"]

1. Nf3 d5 2. d4 Nf6 3. c4 e6 4.
Nc3 c6 5. Bg5 dxc4 6. e4 b5 7. a4 Bb7 8. e5 h6 9. Bxf6 gxf6 10.
axb5 cxb5 11. Nxb5 Nc6 12. Bxc4 Bb4+ 13. Ke2 O-O 14. Bd3 a6 15. Nc3 fxe5 16. dxe5 Qc7 17. Qa4 a5 18. Rac1 Nxe5 19. Nb5 Qb8 20. Nc7 Nxd3 21. Kxd3 Ra7 22. Ke3 Bxf3 23. Nb5 Bh5 24. f4 Qb6+ 25. Ke4 f5+ 26. Ke5 Rd7 0-1

[Event "*** Titled Tuesday Blitz"]
[Site "Chess.com"]
[Date "2021.02.09"]
[Round "1"]
[White "TheBigBoss04"]
[Black "KarateBaby"]
[Result "1-0"]
[WhiteElo "2767"]
[BlackElo "2401"]
[TimeControl "180+1"]
[EndTime "10:06:55 PST"]
[Termination "TheBigBoss04 won by resignation"]

1. d4 g6 2. e4 Bg7 3. Nc3 d6 4. Be3 a6 5. g4 b5 6. Bg2 Bb7 7. h4 h6 8. Nge2 Nd7 9. Ng3 c5 10. h5 g5 11. Nf5 Bf8 12. O-O e6 13. Ng3 Bg7 14. a3 Rc8 15. Qd2 Ne7 16. Rad1 cxd4 17.
Bxd4 Nf6 18. Qe2 O-O 19. Rfe1 d5 20. exd5 Nexd5 21. Bxf6 Qxf6 22. Nxd5 exd5 23. c3 Rcd8 24. Nf5 Bc8 25. Ne7+ Kh8 26. Nxc8 Rxc8 27. Bxd5 Rcd8 28. Qf3 Qxf3 29. Bxf3 Bf6 30. Bb7 a5 31. Bc6 Rb8 32. Re4 b4 33. axb4 axb4 34. cxb4 Bxb2 35. b5 Bf6 36. Rd7 Kg7 37. Kg2 Rbd8 38. b6 Rxd7 39. Bxd7 Rb8 40. Rb4 Be7 41. Rb5 Bd8 42. b7 Bc7 43.
Bc8 Bf4 44. Kf3 Kf6 45. Rb6+ Kg7 46. Ke4 Bh2 47. Kd5 Bf4 48. Kc6 Bh2 49. Ra6 Bf4 50. Ra8 Bh2 51. Kb6 Bf4 52. Ka7 1-0

[Event "*** Titled Tuesday Blitz"]
[Site "Chess.com"]
[Date "2021.02.09"]
[Round "1"]
[White "Pertinhez76"]
[Black "anon481216"]
[Result "0-1"]
[WhiteElo "1971"]
[BlackElo "2475"]
[TimeControl "180+1"]
[EndTime "10:06:55 PST"]
[Termination "anon481216 won by resignation"]

1. d4 Nf6 2. Nf3 d5 3. Bf4 c5 4. e3 Nc6 5. Nbd2 e6 6. c3 Bd6 7. Bg3 O-O 8. Ne5 Qc7 9. f4 cxd4 10. exd4 Ne4 11. Bd3 f5 12. O-O Bd7 13. Rf3 Be8 14.
Re3 Nxe5 15. fxe5 Be7 16. Bxe4 fxe4 17. Qg4 Qd7 18. Rf1 Rxf1+ 19. Nxf1 Bg6 20. Re2 Bf5 21. Qh5 Qb5 22. Ne3 g6 23. c4 dxc4 24. Qh6 c3 25. Nxf5 exf5 26. Rf2 cxb2 27. Rxb2 Qxb2 28. h4 Qxd4+ 29.
Kh2 Bf8 30. Qg5 Qd8 31. Qe3 Qd7 32. Qb3+ Kh8 33. e6 Qe7 34. h5 gxh5 35. Be5+ Bg7 36.
Qc3 Rg8 37. Qd4 Qxe6 38. Bxg7+ Rxg7 39. Qd8+ Qg8 40. Qxg8+ 0-1

[Event "*** Titled Tuesday Blitz"]
[Site "Chess.com"]
[Date "2021.02.09"]
[Round "1"]
[White "Eternauta2400"]
[Black "rogapa"]
[Result "0-1"]
[WhiteElo "2395"]
[BlackElo "2747"]
[TimeControl "180+1"]
[EndTime "10:06:56 PST"]
[Termination "rogapa won on time"]

1. e4 c5 2. Nf3 d6 3. d4 cxd4 4.
Nxd4 Nf6 5. Nc3 a6 6. Bc4 e6 7. a4 Be7 8. O-O Nc6 9. f3 O-O 10.
Be3 Bd7 11. Qe2 Ne5 12. Bb3 Rc8 13. Rfd1 Qc7 14. a5 Nc4 15. Bxc4 Qxc4 16. Qxc4 Rxc4 17. Nce2 e5 18. Nf5 Bxf5 19. exf5 Rxc2 20. Nc3 h6 21. Rac1 Rxb2 22. Nd5 Nxd5 23. Rxd5 Rb3 24. Bb6 Bg5 25.
Rc7 Re8 26. Rc4 Rb1+ 27. Kf2 Rb2+ 28. Kg3 Rb3 29. Kf2 Bf4 30. g3 Rb2+ 31. Kf1 Bg5 32. Rxd6 Rxh2 33. f4 exf4 34. gxf4 Bf6 35. Rc7 Bh4 0-1

[Event "*** Titled Tuesday Blitz"]
[Site "Chess.com"]
[Date "2021.02.09"]
[Round "1"]
[White "Redzishchess"]
[Black "Heineccius"]
[Result "0-1"]
[WhiteElo "2269"]
[BlackElo "2573"]
[TimeControl "180+1"]
[EndTime "10:06:56 PST"]
[Termination "Heineccius won by resignation"]

1. e4 c5 2. Nf3 e6 3. d4 cxd4 4.
Nxd4 Nc6 5. Nc3 Qc7 6. g3 a6 7. Bg2 Bc5 8. Be3 d6 9. O-O Nge7 10. Qd2 O-O 11. Rad1 Ne5 12. Qe2 b5 13. f4 Nc4 14. e5 dxe5 15. Bxa8 exd4 16. Bxd4 Bxd4+ 17. Rxd4 Qa7 18. Qf2 Qxa8 19. b3 Nb6 20. Rfd1 Bb7 21. a4 Nf5 22. R4d2 Nd5 23. Nxd5 Bxd5 24. axb5 axb5 25.
Qc5 Qb7 26. c4 bxc4 27. bxc4 Rc8 28. Qb5 Qa7+ 29. c5 Qxc5+ 30. Qxc5 Rxc5 31. Rb2 h5 32. Kf2 Rc3 33. Ra1 Kh7 34. Ra7 Kg6 35. Rd2 Ne3 36. Ra6 Ng4+ 37. Kg1 Rc1+ 0-1

[Event "*** Titled Tuesday Blitz"]
[Site "Chess.com"]
[Date "2021.02.09"]
[Round "1"]
[White "ega2006"]
[Black "frederiksvane"]
[Result "0-1"]
[WhiteElo "2396"]
[BlackElo "2751"]
[TimeControl "180+1"]
[EndTime "10:06:57 PST"]
[Termination "frederiksvane won on time"]

1. e4 c5 2. Nf3 g6 3. d4 cxd4 4. Qxd4 Nf6 5. Nc3 Nc6 6. Qa4 d6 7. e5 dxe5 8. Nxe5 Bg7 9. Be2 O-O 10. Nxc6 bxc6 11. Qxc6 Bd7 12. Qc4 Rc8 13. Qh4 Qb6 14.
O-O Bf5 15. Bd3 Bxd3 16. cxd3 Rfd8 17. Rd1 e6 18. Ne4 Nxe4 19. Qxe4 Rc2 20. Be3 Qxb2 21. Qa4 Bd4 22. Rdb1 Qc3 23. Rc1 Rxc1+ 24. Rxc1 Qb2 25. Rc2 Qb1+ 26. Rc1 Qb2 27. Rc2 Qb6 28. Bxd4 Qb1+ 0-1

[Event "*** Titled Tuesday Blitz"]
[Site "Chess.com"]
[Date "2021.02.09"]
[Round "1"]
[White "OlifantCZ"]
[Black "louis198"]
[Result "0-1"]
[WhiteElo "2252"]
[BlackElo "2561"]
[TimeControl "180+1"]
[EndTime "10:06:58 PST"]
[Termination "louis198 won by resignation"]

1. c4 e6 2. g3 d5 3. Bg2 g6 4.
Nf3 Bg7 5. O-O Ne7 6. e3 O-O 7.
Nc3 c5 8. cxd5 exd5 9. d4 c4 10. b3 cxb3 11. axb3 Nbc6 12. Ba3 Re8 13. Qe2 Nf5 14.
Rfc1 Ncxd4 15. Qd3 Nxb3 16. Nxd5 Nxc1 17. Rxc1 Be6 18.
e4 Bxd5 19. exd5 Nd6 20. Nd4 a6 21. Nb3 Nb5 22. Bc5 Rc8 23. d6 Qd7 24. Bxb7 Rcd8 25. Bxa6 Nxd6 26. Rd1 Bf8 27. Bd4 Nf5 28. Bb5 Qd5 29.
Bxe8 Rxe8 30. Bb2 Re1+ 0-1

[Event "*** Titled Tuesday Blitz"]
[Site "Chess.com"]
[Date "2021.02.09"]
[Round "1"]
[White "TheCairnTerrier"]
[Black "skoularikii"]
[Result "1-0"]
[WhiteElo "2171"]
[BlackElo "2489"]
[TimeControl "180+1"]
[EndTime "10:06:59 PST"]
[Termination "TheCairnTerrier won by checkmate"]

1. e4 e5 2. Nf3 Nc6 3. Bc4 Bc5 4. c3 Nf6 5. d3 O-O 6. O-O d6 7. Bb3 a6 8. Re1 b5 9. a4 Bg4 10. Nbd2 Ne7 11. Nf1 Ng6 12. h3 Bd7 13. Ng3 h6 14.
Nh2 Bb6 15. Ng4 Nxg4 16. hxg4 Qh4 17. Be3 Bxg4 18. Qd2 Bxe3 19. Qxe3 c5 20. Bd5 Rab8 21. axb5 axb5 22. Ra7 Nf4 23. Ba2 c4 24. dxc4 bxc4 25.
Bxc4 Rxb2 26. Rea1 Be6 27. Bf1 g6 28. Ne2 Qg5 29.
Nxf4 exf4 30. Qd4 f3 31. g3 Rd2 32. Qb6 Qe5 33. Ra8 Qxc3 34. Rxf8+ Kxf8 35. Ra8+ Kg7 36. Qd8 f6 37. Qh8+ Kf7 38. Qf8# 1-0

[Event "*** Titled Tuesday Blitz"]
[Site "Chess.com"]
[Date "2021.02.09"]
[Round "1"]
[White "kai_nov"]
[Black "Alexander_Moskalenko"]
[Result "0-1"]
[WhiteElo "2403"]
[BlackElo "2773"]
[TimeControl "180+1"]
[EndTime "10:07:00 PST"]
[Termination "Alexander_Moskalenko won on time"]

1. d4 f5 2. g3 e6 3. Bg2 Nf6 4. c4 c6 5. Nf3 d5 6. O-O Bd6 7. Nc3 O-O 8. Qc2 Bd7 9. Rb1 a5 10.
c5 Bc7 11. Bf4 Bxf4 12. gxf4 Be8 13. Ne5 Nbd7 14. a3 Bh5 15. Kh1 Nxe5 16. fxe5 Ne4 17. f3 Ng5 18. f4 Ne4 19. Nxe4 fxe4 20. e3 Qh4 21. Qf2 Qxf2 22. Rxf2 Bg4 23. h3 Bf5 24. Kh2 b6 25. cxb6 Rfb8 26. Rc2 Rxb6 27. Rbc1 Rab8 28. Rxc6 Rxb2 29. Rc8+ Rxc8 30. Rxc8+ Kf7 31. Rc3 h5 32. h4 Bg4 33. Kg3 Rd2 34. Bh3 Bxh3 35. Kxh3 Rd3 36. Rc7+ Kg6 37. Re7 Rxe3+ 38. Kg2 Kf5 39. Rxg7 Kxf4 40.
Rf7+ Kg4 41. Rf6 Rd3 42. Rxe6 Rd2+ 43. Kf1 Rxd4 44. Rf6 e3 45. Ke2 Re4 46. e6 Kxh4 47. Rf5 d4 48. Rd5 Kg4 49. e7 Rxe7 50. Rxd4+ Kg3 51.
Rd5 h4 52. Rxa5 h3 53. Rg5+ Kh4 54. Rg8 h2 0-1

[Event "*** Titled Tuesday Blitz"]
[Site "Chess.com"]
[Date "2021.02.09"]
[Round "1"]
[White "vovachesss"]
[Black "LogoCzar"]
[Result "1-0"]
[WhiteElo "2757"]
[BlackElo "2399"]
[TimeControl "180+1"]
[EndTime "10:07:03 PST"]
[Termination "vovachesss won by resignation"]

1. d4 d5 2. Nf3 Nf6 3. c4 c6 4. e3 e6 5. b3 Ne4 6. Bd3 Nd7 7. O-O Bd6 8. Nbd2 f5 9. g3 O-O 10. Ne1 Qg5 11. Ng2 Ndf6 12. f3 Nxg3 13.
f4 Qg6 14. hxg3 Qxg3 15. Qe1 Qg6 16. Nf3 Bd7 17. Ne5 Bxe5 18. dxe5 Ne4 19. Bxe4 fxe4 20. Kf2 c5 21. Rh1 d4 22. Qg1 Bc6 23. Qh2 h6 24. Qg3 dxe3+ 25. Bxe3 Qxg3+ 26. Kxg3 b6 27. Rad1 Rad8 28. Rd6 Rxd6 29. exd6 Rd8 30. Rd1 Rd7 31. Nh4 Kf7 32. f5 e5 33. Kg4 Kf6 34. Ng6 Rd8 35. Bf2 Kf7 36. Nxe5+ 1-0

[Event "*** Titled Tuesday Blitz"]
[Site "Chess.com"]
[Date "2021.02.09"]
[Round "1"]
[White "Fighterman91"]
[Black "KubaGepard"]
[Result "1-0"]
[WhiteElo "2665"]
[BlackElo "2350"]
[TimeControl "180+1"]
[EndTime "10:07:04 PST"]
[Termination "Fighterman91 won by resignation"]

1. e4 c5 2. Nf3 d6 3. d4 cxd4 4. Nxd4 Nf6 5. Nc3 a6 6. h3 e5 7. Nde2 h5 8. g3 Be6 9. Bg2 Nbd7 10. a4 Be7 11. b3 O-O 12. f4 exf4 13. gxf4 Qb6 14.
Qd4 Nc5 15. Bb2 Nfd7 16. Nd5 Bf6 17. Qxf6 gxf6 18. Nxb6 Nxb6 19. Bxf6 Ncd7 20. Be7 Rfc8 21. Nd4 Nc5 22. Rg1 Kh7 23. Bxd6 Nbd7 24. e5 f5 25.
Nxe6 Nxe6 26. Bxb7 Rxc2 27. Bxa8 Nd4 28. Rd1 Nxb3 29.
Bd5 Nc1 30. Be6 Nb6 31. Bxf5+ 1-0

[Event "*** Titled Tuesday Blitz"]
[Site "Chess.com"]
[Date "2021.02.09"]
[Round "1"]
[White "Walter_White_Poland"]
[Black "chessdjw"]
[Result "0-1"]
[WhiteElo "2299"]
[BlackElo "2606"]
[TimeControl "180+1"]
[EndTime "10:07:05 PST"]
[Termination "chessdjw won on time"]

1. e4 c5 2. Nf3 d6 3. d4 cxd4 4.
Nxd4 Nf6 5. Nc3 a6 6. Bg5 e6 7. f4 Qb6 8. Qd3 Qxb2 9. Rb1 Qa3 10. f5 Qa5 11. Bxf6 gxf6 12. Be2 Be7 13. Bh5 O-O 14.
O-O Nc6 15. Nxc6 bxc6 16. Qh3 d5 17. Rf3 Kh8 18. Bg6 fxg6 19. fxg6 Bc5+ 20. Kh1 Ra7 21. Rbf1 Qd8 22. Qh6 Rg7 23. Rh3 e5 24. Rh4 f5 25.
gxh7 fxe4 26. Rd1 Qg5 27. Qxg5 Rxg5 28. Rh6 Bd7 29. h4 Rg4 30. Kh2 Bf2 31. Nxe4 Rxe4 32. Rd3 Rxh4+ 0-1

[Event "*** Titled Tuesday Blitz"]
[Site "Chess.com"]
[Date "2021.02.09"]
[Round "1"]
[White "Titus369"]
[Black "VladimirBugayev"]
[Result "1-0"]
[WhiteElo "2567"]
[BlackElo "2264"]
[TimeControl "180+1"]
[EndTime "10:07:05 PST"]
[Termination "Titus369 won by checkmate"]

1. e4 c6 2. d4 d5 3. Nd2 dxe4 4.
Nxe4 Nf6 5. Nxf6+ exf6 6. c3 Bd6 7. Bd3 O-O 8. Ne2 Re8 9. Be3 Nd7 10. Qc2 Nf8 11.
O-O-O b5 12. h4 Be6 13. Kb1 Qa5 14. b3 Rab8 15. h5 Bc4 16. Ka1 Bxd3 17. Rxd3 h6 18. g4 Ne6 19. f4 Nc7 20. g5 Nd5 21. Bc1 hxg5 22. fxg5 f5 23. g6 Re4 24. h6 fxg6 25.
hxg7 Rbe8 26. Ng3 Bxg3 27. Rxg3 Kxg7 28. Qh2 Rg8 29. Qh7+ Kf8 30. Bh6+ Ke8 31. Qxg8+ Kd7 32. Qxg6 Nxc3 33. Qxf5+ Kc7 34. Rg7+ Kb6 35. Qc5+ Ka6 36. Rxa7# 1-0

[Event "*** Titled Tuesday Blitz"]
[Site "Chess.com"]
[Date "2021.02.09"]
[Round "1"]
[White "soumeow"]
[Black "bazar-wokzal"]
[Result "0-1"]
[WhiteElo "2212"]
[BlackElo "2532"]
[TimeControl "180+1"]
[EndTime "10:07:05 PST"]
[Termination "bazar-wokzal won on time"]

1. Nf3 f5 2. g3 Nf6 3. Bg2 d6 4. b3 e5 5. Bb2 Nc6 6. d3 h6 7. Nbd2 g5 8. e4 f4 9. h3 Bg7 10. gxf4 exf4 11. d4 Qe7 12. Qe2 Nb4 13. O-O-O Nxa2+ 14. Kb1 Nb4 15. Qb5+ Nc6 16. d5 a6 17. Qa4 b5 18. Qa1 Nd8 19. e5 dxe5 20. Nxe5 Bf5 21. d6 cxd6 22. Rhe1 dxe5 23. Rxe5 Be6 24.
Bxa8 O-O 25. Rde1 Qd7 26. Nf3 Bxh3 27. Re7 Qc8 28. Rxg7+ Kxg7 29. Re7+ Kg6 30. Ne5+ Kh5 31. Bf3+ g4 32. Nxg4 Nxg4 33. Bg7 Rf5 0-1

[Event "*** Titled Tuesday Blitz"]
[Site "Chess.com"]
[Date "2021.02.09"]
[Round "1"]
[White "Hypercar"]
[Black "garicradomir"]
[Result "0-1"]
[WhiteElo "2504"]
[BlackElo "2215"]
[TimeControl "180+1"]
[EndTime "10:07:05 PST"]
[Termination "garicradomir won on time"]

1. d4 Nf6 2. Nf3 c5 3. dxc5 e6 4. e3 Bxc5 5. Bd3 b6 6. O-O Bb7 7.
a3 O-O 8. b4 Be7 9. Bb2 d6 10.
Qe2 a6 11. Nbd2 Nbd7 12. c4 Qc7 13. Rac1 Rac8 14. h3 Rfe8 15. Nd4 Qb8 16. N4f3 Qa8 17. Rfd1 Red8 18. Ne1 Nf8 19. f3 h5 20. e4 h4 21.
Nf1 Ng6 22. Qf2 Nh5 23. Qxb6 Bg5 24. Rb1 Ngf4 25. Qf2 Nxd3 26. Nxd3 Rxc4 27. Bc1 Bf6 28. Be3 d5 29. Nc5 Bc6 30. Bd4 Rxd4 31. Rxd4 Bxd4 32.
Qxd4 dxe4 33. Qf2 exf3 34. Qxh4 fxg2 35. Qxh5 gxf1=Q+ 36. Rxf1 Be8 37. Qf3 Qa7 38. Rf2 a5 39. Qf4 axb4 40. axb4 Rd1+ 41. Kh2 Qa8 42. Qf3 Qa1 43.
Ne4 Qe5+ 44. Ng3 Qe1 45. h4 Rd2 46. Rxd2 Qxd2+ 47. Qg2 Qxb4 48. Kh3 e5 49. Nh5 Bd7+ 50. Kh2 Qxh4+ 51. Kg1 Qxh5 0-1

[Event "*** Titled Tuesday Blitz"]
[Site "Chess.com"]
[Date "2021.02.09"]
[Round "1"]
[White "mishanick"]
[Black "Vasily85"]
[Result "1-0"]
[WhiteElo "2936"]
[BlackElo "2457"]
[TimeControl "180+1"]
[EndTime "10:07:06 PST"]
[Termination "mishanick won by checkmate"]

1. e4 c5 2. Nf3 e6 3. Nc3 Nc6 4. d4 cxd4 5. Nxd4 Qc7 6. Be2 a6 7. Qd3 Nf6 8. Nxc6 bxc6 9. Qg3 Qxg3 10. hxg3 d5 11. exd5 cxd5 12. f3 h6 13. g4 Rg8 14.
Bf4 Bb7 15. O-O-O Rc8 16. Na4 Nd7 17. Kb1 Nc5 18. Nxc5 Bxc5 19. c4 Ke7 20. cxd5 Bxd5 21. Bxa6 Ra8 22. Rxd5 exd5 23. Re1+ Kf6 24. Be5+ Kg5 25.
Bb7 Rad8 26. Bc6 d4 27. Rd1 f6 28. Bg3 d3 29. Be4 d2 30. Kc2 Be3 31. Rh1 Rc8+ 32. Kd3 d1=Q+ 33. Rxd1 Rgd8+ 34. Ke2 Rxd1 35. Kxd1 Rc1+ 36. Ke2 Bd4 37. Bf5 g6 38. f4# 1-0

[Event "*** Titled Tuesday Blitz"]
[Site "Chess.com"]
[Date "2021.02.09"]
[Round "1"]
[White "Sergienko_Sergey"]
[Black "sara_khm"]
[Result "0-1"]
[WhiteElo "2369"]
[BlackElo "2703"]
[TimeControl "180+1"]
[EndTime "10:07:07 PST"]
[Termination "sara_khm won by resignation"]

1. e4 e5 2. Nf3 Nc6 3. Bb5 a6 4. Ba4 g6 5. c3 Bg7 6. d4 exd4 7.
cxd4 b5 8. Bb3 d6 9. O-O Nge7 10. h3 O-O 11. Nc3 Na5 12. Bc2 Bb7 13. Bf4 Qd7 14. Qc1 Rae8 15. Bh6 f5 16. Bxg7 Kxg7 17.
Re1 fxe4 18. Bxe4 Bxe4 19. Nxe4 Nd5 20. Nc3 Nf4 21. Rxe8 Qxe8 22. Qd1 Qc6 23. d5 Qb6 24. b4 Nc4 25. Qd4+ Ne5 26. Qxb6 Nxf3+ 27. gxf3 cxb6 28.
Ne4 Nxh3+ 29. Kg2 Nf4+ 30. Kg3 Nxd5 31. Rd1 Nxb4 32. Rxd6 Nxa2 33. Rxb6 Nb4 34. Ng5 Rf6 35. Rb7+ Kg8 36. Nxh7 Rc6 37. Kg4 Nd3 38. Kg5 Rc5+ 39. Kxg6 Ne5+ 40. Kf6 Nxf3 41. Nf8 Rc6+ 42. Ne6 Nd4 43.
Rb8+ Kh7 44. Rb7+ Kh6 45. Ke5 Nxe6 0-1

[Event "*** Titled Tuesday Blitz"]
[Site "Chess.com"]
[Date "2021.02.09"]
[Round "1"]
[White "Anurag328"]
[Black "Artem_Koval"]
[Result "1-0"]
[WhiteElo "2655"]
[BlackElo "2339"]
[TimeControl "180+1"]
[EndTime "10:07:07 PST"]
[Termination "Anurag328 won on time"]

1. c4 e5 2. g3 Nf6 3. Bg2 Nc6 4.
Nc3 Bc5 5. d3 d6 6. Nf3 O-O 7. Bg5 h6 8. Bxf6 Qxf6 9. O-O Be6 10. Nd2 Qd8 11. Na4 Bb6 12. Rc1 Qd7 13. c5 Bxc5 14.
Nxc5 dxc5 15. Rxc5 f6 16. Bxc6 bxc6 17. Qa4 Qd4 18.
Qxd4 exd4 19. Rxc6 Bxa2 20. Ra1 Bd5 21. Rxc7 Rfc8 22.
Rd7 Be6 23. Re7 Bd5 24. Rd7 Be6 25. Rxd4 Rc2 26. Nf1 Rxe2 27. b4 Rb2 28. Ne3 Bh3 29.
Rh4 1-0

[Event "*** Titled Tuesday Blitz"]
[Site "Chess.com"]
[Date "2021.02.09"]
[Round "1"]
[White "MelihKaanCan"]
[Black "Mr_Sinigami"]
[Result "0-1"]
[WhiteElo "2333"]
[BlackElo "2644"]
[TimeControl "180+1"]
[EndTime "10:07:07 PST"]
[Termination "Mr_Sinigami won by resignation"]

1. d4 Nf6 2. Nf3 g6 3. Bf4 Bg7 4. e3 O-O 5. Be2 d6 6. h3 Nfd7 7. Bh2 e5 8. c4 Nc6 9. Nc3 f5 10. O-O f4 11. Rb1 h6 12. b4 g5 13. b5 Ne7 14.
Qb3 Kh8 15. Rfd1 Nf5 16. dxe5 dxe5 17. c5 Qe8 18. exf4 exf4 19. c6 Nc5 20. Qc4 b6 21. Bf1 Be6 22. Qb4 Qf7 23. Re1 Bf6 24. Ne5 Qg7 25. Ne4 Bxe5 26. Nxc5 bxc5 27. Qe4 Bxa2 28. Rbc1 Rae8 29. Qa4 Bd5 30. Qxa7 Bd4 31. Rxe8 Rxe8 32. Qa5 Bxf2+ 33. Kh1 Bd4 34. b6 cxb6 35.
Qxb6 Ne3 36. c7 f3 37. Bd6 fxg2+ 0-1

[Event "*** Titled Tuesday Blitz"]
[Site "Chess.com"]
[Date "2021.02.09"]
[Round "1"]
[White "Shuvalov"]
[Black "ondoko"]
[Result "1/2-1/2"]
[WhiteElo "2527"]
[BlackElo "2226"]
[TimeControl "180+1"]
[EndTime "10:07:07 PST"]
[Termination "Game drawn by agreement"]

1. Nf3 d5 2. c4 d4 3. b4 f6 4.
e3 e5 5. c5 Be6 6. exd4 e4 7.
Qe2 f5 8. Bb2 Nf6 9. Ng5 Bg8 10.
d3 h6 11. Nxe4 fxe4 12. dxe4 c6 13. Nd2 a5 14. a3 axb4 15. axb4 Rxa1+ 16. Bxa1 Na6 17. Bc3 Nc7 18. d5 cxd5 19. exd5+ Qe7 20. Bxf6 Qxe2+ 21. Bxe2 gxf6 22. d6 Nd5 23. Bf3 Nxb4 24. O-O Nd3 25. Ne4 f5 26. Nf6+ Kf7 27. Nxg8 Kxg8 28. Rd1 Nxc5 29.
d7 Nxd7 30. Rxd7 Rh7 31. Rxh7 Kxh7 32. Bxb7 Kg6 33. g3 Bd6 34. f4 Kf6 35. Kg2 Bc5 36. Kh3 Bd6 37. Ba6 Be7 38. Bd3 Bc5 39. Kh4 Bg1 40. Kh3 Be3 41. Kg2 Bd4 42. Kf3 Bg1 43.
h3 Bd4 44. g4 fxg4+ 45. Kxg4 Kg7 46. Kf5 Bf6 47. Ke6 Ba1 48. f5 Bb2 49. Be2 Bf6 50. Bh5 Ba1 1/2-1/2

[Event "*** Titled Tuesday Blitz"]
[Site "Chess.com"]
[Date "2021.02.09"]
[Round "1"]
[White "Jospem"]
[Black "onnoelgersma"]
[Result "1-0"]
[WhiteElo "3043"]
[BlackElo "2468"]
[TimeControl "180+1"]
[EndTime "10:07:08 PST"]
[Termination "Jospem won by resignation"]

1. e4 c5 2. Nf3 e6 3. c3 d5 4.
exd5 exd5 5. d4 Nc6 6. Bd3 Nf6 7. h3 Be7 8. O-O O-O 9. dxc5 Bxc5 10. Nbd2 Re8 11. Nb3 Bb6 12. Nfd4 h6 13. Re1 Rxe1+ 14. Qxe1 Qd6 15. Be3 Bc7 16. Nf3 Ne5 17. Nxe5 Qxe5 18. f4 Qd6 19. Nd4 Bd7 20. Rd1 Re8 21. Qe2 h5 22.
Qf3 h4 23. Re1 g6 24. Nc2 Nh5 25. Rf1 a6 26. Nd4 b5 27. a3 Kg7 28. Bd2 Ng3 29. Rd1 Nh5 30. Ne2 Bc6 31. Nd4 Bb7 32. Rf1 Bc8 33. Rf2 Ng3 34. Be3 Bb7 35. f5 Ne4 36. fxg6 fxg6 37. Qf7+ 1-0